Map: Overgrowth LE (Void)

Players

Amix - Winner!

  • Race: Zerg Zerg
  • League: Platinum
  • Spawn Location: 1:00

gulgorf

  • Race: Terran Terran
  • League: Platinum
  • Spawn Location: 7:00

VOD

Have the link to the VOD?

Description

Time

  • Played on: Dec. 17, 2016, 1:35 a.m.
  • Length: 16:49
Show
View Real Time Build Order
Export as new Build Order

Amix Zerg - Winner!

Build Orders: Pool First 

Get SALT Encoding   

  12  0:01  Drone  
  13  0:10  Drone  
  14  0:17  Overlord  
  14  0:26  Drone, Extractor  
  15  0:35  Drone x2  
  17  0:39  Extractor  
  16  0:44  Drone  
  17  0:54  Spawning Pool  
  16  0:58  Drone  
  17  1:08  Drone  
  18  1:17  Drone  
  19  1:29  Drone  
  20  1:46  Metabolic Boost  
  20  1:57  Zergling x4  
  20  2:01  Overlord  
  22  2:15  Hatchery  
  22  2:21  Drone x2  
  23  2:22  Queen  
  25  2:39  Spine Crawler  
  25  2:41  Drone  
  25  2:53  Drone x2  
  25  2:54  Hatchery  
  26  3:04  Drone  
  27  3:06  Queen  
  29  3:25  Hatchery  
  28  3:32  Queen  
  30  3:57  Queen  
  30  4:00  Drone x4  
  30  4:01  Overlord  
  36  4:03  Overlord  
  36  4:17  Drone x5  
  41  4:26  Extractor  
  41  4:27  Extractor  
  41  4:29  Extractor  
  38  4:33  Evolution Chamber  
  37  4:38  Drone  
  37  4:39  Drone x4  
  42  4:53  Drone  
  42  4:54  Drone x6  
  49  5:02  Lair  
  49  5:06  Zerg Melee Weapons Level 1  
  49  5:08  Drone  
  49  5:09  Drone  
  51  5:22  Baneling Nest  
  51  5:24  Drone x2  
  51  5:25  Drone x4  
  56  5:30  Overlord  
  56  5:46  Overlord x5  
  56  5:48  Queen  
  58  5:50  Extractor  
  58  5:51  Extractor  
  58  5:52  Extractor  
  58  5:53  Drone x3, Extractor  
  56  6:09  Pneumatized Carapace, Infestation Pit  
  55  6:12  Overseer x2  
  55  6:13  Overseer  
  51  6:57  Zergling x6  
  51  6:58  Zergling x18  
  51  6:59  Zergling x14  
  70  7:01  Hive  
  70  7:04  Zerg Ground Armor Level 1  
  70  7:11  Drone x3  
  70  7:12  Drone x6  
  79  7:17  Baneling  
  79  7:18  Baneling x15  
  79  7:19  Baneling x2  
  79  7:44  Spire  
  78  7:45  Drone x9  
  78  7:46  Drone x5  
  92  8:21  Spire  
  92  8:23  Ultralisk Cavern  
  90  8:31  Overlord x6, Evolution Chamber  
  90  8:32  Overlord x5  
  89  8:57  Zerg Flyer Weapons Level 1  
  89  9:00  Zerg Melee Weapons Level 2  
  89  9:01  Zerg Ground Armor Level 2  
  89  9:06  Corruptor x4  
  97  9:16  Overseer  
  97  9:17  Overseer x3  
  97  9:18  Overlord  
  97  9:19  Overlord x3  
  97  9:36  Greater Spire  
  97  9:38  Corruptor x2  
  101  9:55  Corruptor x3  
  107  10:04  Centrifical Hooks  
  107  10:08  Drone x3  
  107  10:09  Drone x7  
  117  10:23  Chitinous Plating  
  117  10:25  Corruptor x2  
  117  10:27  Zergling x4  
  117  10:28  Zergling x18  
  129  10:29  Zergling x6  
  129  10:33  Baneling x4  
  129  10:34  Baneling  
  135  10:48  Corruptor x2  
  139  10:55  Zerg Flyer Armor Level 1  
  139  10:57  Corruptor  
  138  11:14  Hatchery  
  138  11:15  Mutalisk x2  
  138  11:16  Mutalisk  
  138  11:18  Zergling x12  
  146  11:19  Zergling x12  
  155  11:42  Corruptor x4  
  155  11:44  Zergling x12  
  169  11:51  Hatchery  
  169  11:53  Hatchery  
  167  11:58  Mutalisk x2, Zergling x10  
  98  12:56  Zergling x10  
  98  12:57  Zergling x18  
  98  12:58  Zergling x16  
  118  12:59  Zergling x2  
  121  13:05  Mutalisk x2  
  123  13:24  Zergling x18  
  117  13:51  Ultralisk x6  
  152  14:09  Ultralisk  
  158  14:10  Zergling x4  
  158  14:11  Zergling x16  
  158  14:15  Baneling  
  158  14:16  Baneling x3  
  168  14:21  Zergling x8  
  172  14:37  Hatchery  
  171  14:40  Hatchery  
  133  15:27  Zergling x16  
  133  15:28  Zergling x12  
  135  15:57  Corruptor x4  
  135  15:58  Corruptor x4  
Show
View Real Time Build Order
Export as new Build Order

gulgorf Terran 

Build Orders: Reaper Expand 

Get SALT Encoding   

  12  0:01  SCV  
  13  0:13  SCV  
  14  0:17  Supply Depot  
  14  0:28  SCV  
  15  0:39  Refinery  
  15  0:40  SCV  
  16  0:45  Barracks  
  16  0:52  SCV  
  17  1:04  SCV  
  18  1:16  SCV  
  19  1:33  Reaper  
  19  1:35  Supply Depot  
  19  1:39  Engineering Bay, Orbital Command  
  20  2:03  Command Center  
  20  2:07  SCV  
  20  2:29  Factory  
  20  2:30  SCV  
  20  2:31  Barracks Tech Lab  
  20  2:32  Barracks  
  20  2:36  Refinery  
  21  2:47  SCV  
  21  2:49  Marine  
  22  3:13  SCV  
  22  3:16  Orbital Command  
  22  3:19  Barracks Tech Lab  
  23  3:21  Siege Tank  
  23  3:25  Supply Depot  
  26  3:27  Marine  
  27  3:34  Factory  
  27  3:45  SCV x2  
  29  3:51  Starport  
  29  3:52  Orbital Command  
  29  3:56  Widow Mine  
  31  4:18  SCV  
  31  4:20  Factory Reactor  
  32  4:32  SCV x2  
  34  4:44  SCV  
  35  4:52  SCV  
  36  4:53  Command Center  
  36  4:55  Command Center  
  36  4:56  SCV  
  36  4:57  Banshee  
  36  4:58  Cloaking Field  
  42  5:00  Hellion x2  
  44  5:15  SCV x2  
  44  5:18  Refinery  
  44  5:19  Refinery  
  46  5:27  SCV  
  46  5:28  Hellion  
  49  5:29  Hellion x2  
  49  5:30  SCV  
  54  5:36  Armory  
  54  5:40  Armory  
  54  5:52  Engineering Bay  
  54  5:56  Supply Depot  
  54  5:59  Supply Depot  
  54  6:04  SCV x2  
  54  6:05  Hellion  
  54  6:10  Orbital Command  
  58  6:16  SCV  
  59  6:27  SCV  
  59  6:31  Orbital Command  
  57  6:37  Barracks Tech Lab  
  57  6:39  Orbital Command  
  57  6:42  Barracks Tech Lab  
  57  6:43  Terran Vehicle Weapons Level 1, Terran Vehicle And Ship Armor Level 1  
  57  6:49  Starport  
  57  6:50  Starport  
  57  7:01  Missile Turret  
  57  7:06  Refinery  
  57  7:07  Missile Turret  
  58  7:08  SCV  
  58  7:12  Refinery, Missile Turret  
  58  7:13  Orbital Command  
  58  7:26  Starport Reactor  
  58  7:28  Starport Reactor  
  58  7:33  Siege Tank  
  58  7:36  Viking x2  
  65  7:37  SCV  
  65  7:41  Infernal Pre-Igniter, Supply Depot  
  65  7:42  Supply Depot  
  66  7:46  Marauder  
  66  7:47  Marauder, Stimpack  
  66  7:49  Combat Shields  
  70  7:51  SCV  
  70  7:52  SCV  
  70  7:55  SCV x2  
  74  8:00  Liberator  
  75  8:05  SCV x2  
  75  8:07  Liberator  
  75  8:10  Siege Tank  
  75  8:11  SCV  
  75  8:12  Supply Depot  
  80  8:13  SCV, Supply Depot  
  80  8:14  Supply Depot  
  80  8:19  SCV  
  85  8:21  SCV  
  89  8:27  SCV  
  89  8:28  SCV  
  89  8:31  Liberator  
  91  8:36  Terran Vehicle Weapons Level 2  
  91  8:40  Liberator  
  94  8:50  SCV x2  
  94  8:51  SCV  
  94  8:54  Supply Depot  
  94  8:55  SCV  
  98  8:56  Supply Depot  
  98  8:57  Supply Depot  
  98  8:58  Marauder  
  98  8:59  Marauder  
  98  9:02  SCV x2  
  107  9:03  SCV  
  107  9:09  Siege Tank  
  111  9:15  SCV x2  
  111  9:16  SCV, Supply Depot  
  114  9:17  Supply Depot  
  114  9:22  Terran Vehicle And Ship Armor Level 2  
  114  9:27  Liberator  
  114  9:28  Marauder  
  114  9:31  SCV x4  
  119  9:38  Marauder  
  122  9:43  SCV  
  126  9:46  SCV, Command Center, Missile Turret x2  
  126  9:50  Marauder  
  126  9:52  SCV x2  
  131  9:56  Sensor Tower  
  131  9:59  Marauder  
  133  10:03  SCV x2  
  133  10:04  SCV x2  
  137  10:11  Missile Turret  
  137  10:15  SCV x2  
  137  10:16  SCV, Missile Turret  
  137  10:18  SCV, Supply Depot, Sensor Tower, Missile Turret  
  137  10:19  Supply Depot  
  137  10:21  Liberator  
  141  10:22  Liberator  
  141  10:25  Missile Turret  
  141  10:27  SCV  
  142  10:29  Missile Turret  
  142  10:30  Missile Turret  
  142  10:31  SCV x2  
  142  10:34  Siege Tank  
  147  10:37  Marauder  
  147  10:40  Liberator  
  147  10:41  SCV  
  156  10:51  Refinery  
  156  10:54  Missile Turret  
  156  10:56  Refinery, SCV x3  
  159  10:59  Planetary Fortress  
  159  11:03  Supply Depot  
  162  11:33  Liberator  
  162  11:34  Orbital Command  
  162  11:36  SCV x3  
  162  11:39  Factory  
  165  11:41  Siege Tank x2  
  165  11:43  SCV  
  172  11:51  SCV x3  
  178  11:56  Supply Depot  
  178  11:58  Supply Depot  
  178  12:02  Terran Vehicle Weapons Level 3  
  178  12:07  Marauder x2  
  182  12:09  Command Center  
  182  12:13  Liberator x2  
  182  12:23  Factory  
  182  12:25  Liberator x2  
  182  12:29  Marauder x2  
  186  12:31  SCV x4  
  173  12:49  Marine  
  173  12:50  Marine  
  137  12:57  Missile Turret  
  134  12:59  Missile Turret x2  
  134  13:00  Missile Turret  
  134  13:01  Cyclone x2  
  134  13:03  SCV x3  
  134  13:04  Factory Tech Lab, Missile Turret x2  
  143  13:06  Factory Tech Lab, Missile Turret x2  
  143  13:07  Marine, Factory, Liberator  
  143  13:08  Liberator, Missile Turret  
  143  13:09  Missile Turret  
  141  13:15  Missile Turret  
  147  13:29  Missile Turret  
  147  13:30  Missile Turret  
  147  13:32  Missile Turret x2  
  147  13:33  Cyclone  
  147  13:34  Siege Tank  
  150  13:43  Hellion x2  
  150  13:47  Marine  
  148  13:49  SCV  
  148  13:50  Missile Turret  
  148  13:51  Missile Turret  
  148  13:54  Missile Turret  
  149  13:56  Missile Turret  
  149  13:57  Refinery  
  149  13:58  Refinery  
  149  14:01  Missile Turret  
  149  14:04  Hellion x2  
  149  14:06  Hellion  
  149  14:07  Missile Turret  
  155  14:10  Factory  
  155  14:13  Liberator x3, Missile Turret  
  155  14:14  Missile Turret  
  155  14:18  Missile Turret x2  
  155  14:23  Hellion x2  
  159  14:25  Sensor Tower  
  159  14:26  Hellion x2  
  172  14:35  Missile Turret  
  172  14:38  Sensor Tower  
  172  14:48  Hellion  
  172  14:49  Hellion x4  
  135  15:07  Marine x2  
  132  15:24  Thor x2  
  132  15:25  Thor  
  132  15:26  Thor  
  147  15:53  Marauder x2  
  147  15:54  Factory Reactor  
  126  16:14  Marauder x2  
Tags
 
Add a new tag
Caveats
  • Supply blocks, unpowered buildings, or Contaminate may cause inaccurate times.
  • Supply counts are checked every 10 seconds.